 Dungeon Crawl Stone Soup version 0.20-a0-959-gdc9e609 (webtiles) character file.

92 4thArraOfDagon the Slasher (level 4, -1/35 HPs)
             Began as a Mummy Chaos Knight on Apr 6, 2017.
             Killed by divine providence
             ... invoked by an orc priest
              (13 damage)
             ... on level 4 of the Dungeon.
             The game lasted 00:01:50 (465 turns).

4thArraOfDagon the Slasher (Mummy Chaos Knight)      Turns: 465, Time: 00:01:50

Health: -1/35      AC:  5    Str: 20    XL:     4   Next: 35%
Magic:  4/4        EV: 12    Int: 12    God:    Xom [..*...]
Gold:   83         SH:  0    Dex: 11    Spells: 3/3 levels left

rFire    x . .     SeeInvis .   a - +0 falchion (chaos)
rCold    + . .     Gourm    .   (no shield)
rNeg     + + +     Faith    .   b - +2 leather armour
rPois    ∞         Spirit   .   (no helmet)
rElec    .         Reflect  .   (no cloak)
rCorr    .         Harm     .   (no gloves)
MR       .....                  (no boots)
Stlth    +.........             (no amulet)
Regen    0.2/turn               (no ring)
MPRegen  0.1/turn               (no ring)

@: mighty
A: no food or potions, fire vulnerability, cold resistance 1, negative energy
resistance 3, torment resistance, unbreathing
a: Renounce Religion


You were on level 4 of the Dungeon.
You worshipped Xom.
You were a toy of Xom.
You were not hungry.

You visited 1 branch of the dungeon, and saw 4 of its levels.

You collected 83 gold pieces.

Inventory:

Hand Weapons
 a - a +0 falchion of chaos (weapon)
Armour
 b - a +2 leather armour (worn)
 e - a +0 scale mail
Jewellery
 i - an uncursed amulet of harm {unknown}
Scrolls
 c - 2 scrolls of teleportation {unknown}
 d - a scroll of amnesia {unknown}
 f - a scroll of enchant armour {unknown}
 g - a scroll of immolation {unknown}
 h - a scroll of fear {unknown}


   Skills:
 - Level 3.0 Fighting
 * Level 3.5 Long Blades
 + Level 2.2 Armour
 + Level 1.7 Dodging


You had 3 spell levels left.
You didn't know any spells.

Dungeon Overview and Level Annotations

Branches:
Dungeon (4/15)
 Temple: D:4-7

Altars:
Ashenzari


Innate Abilities, Weirdness & Mutations

You do not eat or drink.
Your flesh is vulnerable to fire.
You are immune to poison.
Your flesh is cold resistant. (rC+)
You are immune to negative energy. (rN+++)
You are immune to unholy pain and torment.
You can survive without breathing.


Message History

Unknown command.
i - a dented sapphire amulet An orc comes into view.
The orc shouts!
The orc moves out of view.
The frilled lizard barely misses you.
An orc comes into view.
You miss the frilled lizard.
The orc shouts!
The frilled lizard barely misses you.
You riposte.
You slash the frilled lizard!
You kill the frilled lizard!
Unknown command.
The orc priest shouts!
There is a stone staircase leading down here.
Unknown command.
The orc closely misses you.
The orc priest invokes the aid of Beogh against you.
Beogh smites you!
You die...
Xom chortles!

. ##....... .....
..##........ ....#
............ .....
.........).. #....
............
#..#.##........... .
##..#..##...!...... ...
#...##..###........
.....#o@..##.# ##.......
.............########...
.......#†.##...††.......
..##o###...##.#####...#.
. #..###.#.##.# #...####
#.........†.##.....
.o..........##.#....
................#.....
......................


You could see an orc priest and an orc.

Vanquished Creatures
  A hound (D:4)
  Terence (D:3)
  An adder (D:4)
  An ooze (D:3)
  A worm (D:2)
  A ball python (D:4)
  2 bats (D:3)
  A goblin (D:3)
  3 hobgoblins (D:3)
  3 kobolds (D:3)
  3 quokkas (D:4)
  2 frilled lizards (D:4)
  A rat (D:1)
21 creatures vanquished.

Notes
Turn   | Place    | Note
-------+----------+-------------------------------------------
     0 | D:1      | 4thArraOfDagon the Mummy Chaos Knight began the quest for the Orb.
     0 | D:1      | Reached XP level 1. HP: 18/18 MP: 1/1
    60 | D:2      | Reached skill level 1 in Dodging
    72 | D:3      | Noticed Terence
   102 | D:3      | XOM: potion effect (agility)
   135 | D:3      | Killed Terence
   135 | D:3      | Reached XP level 2. HP: 9/24 MP: 2/2
   135 | D:3      | Reached XP level 3. HP: 12/29 MP: 3/3
   155 | D:3      | XOM: silly message
   213 | D:3      | Found a shattered altar of Ashenzari.
   401 | D:3      | XOM: harmless Ice miscast
   420 | D:4      | XOM: potion effect (might)
   426 | D:4      | Reached XP level 4. HP: 8/35 MP: 4/4
   465 | D:4      | Killed from afar by an orc priest

Vault maps used:
D:1:      tarquinn_simple_flora_water_a
D:3:      lemuel_blue_sif_altar, evilmike_ruin_ashenzari, uniq_grinder,
          uniq_terence
D:4:      lemuel_crystal_altar, first_bread, serial_shops, shop, shop,
          nicolae_shop_competitors_out_of_business, uniq_blork_the_orc

Skill      XL: |  1 |
---------------+----+-----
Dodging        | 1 |  1.7
Long Blades    | 3 |  3.5
Armour         | 2 |  2.2
Fighting       | |  3.0

Action                   |  1- 3 |  4- 6 || total
-------------------------+-------+-------++-------
Melee: Falchion          |    70 |     6 ||    76
 Stab: Petrified         |    15 |       ||    15
       Confused          |     2 |       ||     2
Armor: Leather armour    |    21 |       ||    21
Dodge: Dodged            |    38 |     8 ||    46
       Rpst.: Falchion   |    15 |     4 ||    19
